 Dungeon Crawl Stone Soup version 0.26.1-11-gd32895ea62 (webtiles) character file.

Game seed: 10109088626888103671

517 rabbitsville the Chopper (level 7, -9/58 HPs)
             Began as a Hill Orc Fighter on June 11, 2021.
             Mangled by an ogre
             ... wielding a +0 giant club
              (20 damage)
             ... on level 5 of the Dungeon.
             The game lasted 00:39:05 (5184 turns).

rabbitsville the Chopper (Hill Orc Fighter)         Turns: 5184, Time: 00:39:06

Health: -9/58      AC:  9    Str: 21    XL:     7   Next: 20%
Magic:  10/10      EV:  7    Int:  8    God:
Gold:   328        SH:  9    Dex: 10    Spells: 9/10 levels left

rFire    . . .     SeeInvis +   a - +0 war axe
rCold    . . .     Faith    .   c - +0 kite shield
rNeg     . . .     Spirit   .   b - +0 scale mail
rPois    +         Reflect  .   (no helmet)
rElec    .         Harm     .   (no cloak)
rCorr    .         Rampage  .   o - +0 pair of gloves
Will     .....                  g - +0 pair of boots
Stlth    ..........             (no amulet)
HPRegen  0.19/turn              e - ring of poison resistance
MPRegen  0.12/turn              x - ring of see invisible

@: about to teleport
A: no striking features
a: no special abilities


You were on level 5 of the Dungeon.
You visited 1 branch of the dungeon, and saw 5 of its levels.

You collected 328 gold pieces.

Inventory:

Hand Weapons
 a - a +0 war axe (weapon)
 p - a cursed -2 flail
Missiles
 l - 12 poisoned darts (quivered)
Armour
 b - a +0 scale mail (worn)
 c - a +0 kite shield (worn)
 g - a +0 pair of boots (worn)
 i - a +2 leather armour of cold resistance
 o - a +0 pair of gloves (worn)
 v - a +0 ring mail
Jewellery
 e - a ring of poison resistance (left hand)
 x - a ring of see invisible (right hand)
 y - a cursed ring of attention {unknown}
 B - an uncursed ring of willpower {unknown}
Wands
 w - a wand of polymorph (6)
Scrolls
 f - a scroll of noise {unknown}
 h - a scroll of fear
 j - a scroll of fog
 k - a scroll of teleportation
 m - 2 scrolls of amnesia {unknown}
 q - a scroll of enchant weapon {unknown}
 s - a scroll of magic mapping {unknown}
 u - 2 scrolls of remove curse
 C - 2 scrolls of immolation {unknown}
Potions
 n - a potion of attraction
 r - 2 potions of flight {unknown}
 t - 2 potions of cancellation {unknown}
 z - 2 potions of berserk rage {unknown}
 A - a potion of curing {unknown}
 D - a potion of haste {unknown}


   Skills:
 - Level 3.8 Fighting
 * Level 7.4 Axes
 + Level 5.1 Armour
 - Level 3.7 Shields
 - Level 2.0 Spellcasting


You had 9 spell levels left.
You knew the following spells:

 Your Spells              Type           Power        Failure   Level
a - Magic Dart            Conj           0%           98%         1

Your spell library contained the following spells:

 Spells                   Type           Power        Failure   Level
 Blink                    Tloc           N/A          99%         2
 Call Imp                 Summ           0%           99%         2
 Slow                     Hex            0%           99%         2
 Conjure Flame            Conj/Fire      0%           100%        3
 Mephitic Cloud           Conj/Pois/Air  0%           100%        3


Dungeon Overview and Level Annotations

Branches:
Dungeon (5/15)
 Temple: D:4-7

Altars:
Yredelemnul

Annotations:
D:4 1 runed translucent door


Message History

The ogre barely misses you.
You barely miss the ogre.
The ogre is heavily wounded.
You hit the ogre.
The ogre is heavily wounded.
The ogre barely misses you.
You slash the ogre!
The ogre is almost dead.
The ogre hits you with a +0 giant club!!
* * * LOW HITPOINT WARNING * * *
Okay, then.
Blink to where?
Press: ? - help, Dir - move target
As you read the scroll of blinking, it crumbles to dust.
An ogre comes into view. It is wielding a +0 giant spiked club.
The ogre shouts!
As you read the scroll of teleportation, it crumbles to dust.
You feel strangely unstable.
The ogre hits you with a +0 giant club!!
You die...

.# .# .# #.# #.# ## ######## #.#
...
####......####.##############..#?
...'......'................<....>
####......#....O@O..#####...#...#
#..O...#.........#####...# Y.#
#...)..#.........'........ .#
#......#.........######### #
#......#########.# ......... ...
.......#### #.# #^......# .#
'.......' .


You could see 2 ogres.

Vanquished Creatures
  A centaur (D:5)
  A scorpion (D:5)
  2 hounds
  An orc priest (D:3)
  A centaur skeleton (D:5)
  4 worker ants
  5 adders
  An ooze (D:2)
  3 worms
  4 dart slugs
  4 leopard geckos
  10 orcs
  A ball python (D:2)
  9 bats
  2 giant cockroaches (D:1)
  11 goblins
  7 hobgoblins
  13 jackals
  6 frilled lizards
  A goblin skeleton (D:4)
  8 kobolds
  A kobold skeleton (D:4)
  A quokka skeleton (D:5)
  10 rats
107 creatures vanquished.

Vanquished Creatures (others)
  10 plants (D:4)
10 creatures vanquished.

Grand Total: 117 creatures vanquished

Notes
Turn   | Place    | Note
-------+----------+-------------------------------------------
     0 | D:1      | rabbitsville the Hill Orc Fighter began the quest for the
                  | Orb.
     0 | D:1      | Reached XP level 1. HP: 19/19 MP: 1/1
   306 | D:1      | Reached skill level 3 in Axes
   355 | D:1      | Reached XP level 2. HP: 27/27 MP: 2/2
   584 | D:1      | Reached XP level 3. HP: 33/33 MP: 3/3
  1319 | D:2      | Reached skill level 4 in Axes
  1492 | D:2      | Reached XP level 4. HP: 40/40 MP: 4/4
  1672 | D:2      | Learned a level 1 spell: Magic Dart
  2571 | D:3      | HP: 2/40 [orc priest/divine providence (10)]
  2573 | D:3      | Reached skill level 5 in Axes
  2573 | D:3      | Reached XP level 5. HP: 2/46 MP: 4/6
  2995 | D:3      | Reached skill level 1 in Spellcasting
  3881 | D:4      | Reached skill level 6 in Axes
  3881 | D:4      | Reached XP level 6. HP: 36/52 MP: 7/7
  3961 | D:4      | Found a runed translucent door.
  3965 | D:4      | Noticed a human
  3973 | D:4      | Found a basalt altar of Yredelemnul.
  4661 | D:5      | Entered Level 5 of the Dungeon
  4661 | D:5      | Noticed a sky beast
  5079 | D:5      | Reached skill level 7 in Axes
  5079 | D:5      | Reached skill level 5 in Armour
  5079 | D:5      | Reached XP level 7. HP: 58/58 MP: 8/10
  5184 | D:5      | Mangled by an ogre

Illustrated notes

Levels and vault maps discovered:
D:1:      dpeg_arrival_water_temple_mockup, layout_loops_ring, glass_columns_b
D:2:      layout_loops_corners, hangedman_decor_clover_reticule
D:3:      layout_loops_ring, minmay_misc_feat_iff
D:4:      layout_loops_ring, serial_bayou_lagoon_a, dk_yredelemnul_ordeal
D:5:      layout_basic, gammafunk_temple_overflow_wave, grunt_decor_fettered

Skill      XL: |  1  2  3  4  5  6 |
---------------+-------------------+-----
Axes           | 3 4 5 6 7 |  7.4
Armour         | 4 5 |  5.1
Spellcasting   | 1 2 |  2.0
Fighting       | |  3.8
Shields        | |  3.7

Action                   |  1- 3 |  4- 6 |  7- 9 || total
-------------------------+-------+-------+-------++-------
Melee: War axe           |   122 |   252 |    14 ||   388
  Use: Scroll            |     3 |     3 |     2 ||     8
       Potion            |       |     1 |       ||     1
Armor: Scale mail        |    62 |    89 |     3 ||   154
       Ring mail         |       |     1 |       ||     1
Dodge: Dodged            |    50 |    69 |     5 ||   124
Block: Kite shield       |    73 |   122 |     5 ||   200
